 Dungeon Crawl Stone Soup version 0.29.0-4-gdea44cf6ec (webtiles) character file.

Game seed: 10088256091475347704

3598 qw the Grappler (level 9, -1/88 HPs)
             Began as a Troll Cinder Acolyte on Sept 3, 2022.
             Was a Priest of Ignis.
             Slain by a sun demon (7 damage)
             ... on level 9 of the Dungeon.
             The game lasted 00:03:56 (6351 turns).

qw the Grappler (Troll Cinder Acolyte)              Turns: 6351, Time: 00:03:57

Health: -1/88      AC: 17    Str: 23    XL:     9   Next: 85%
Magic:  9/9        EV:  9    Int: 10    God:    Ignis [***...]
Gold:   441        SH:  0    Dex:  5    Spells: 10/10 levels left

rFire   + . .      SeeInvis +     - Unarmed
rCold   + . .      Faith    .   (no shield)
rNeg    . . .      Spirit   .   f - +0 troll leather armour {Pargi}
rPois   .          Reflect  .   (helmet restricted)
rElec   +          Harm     .   (no cloak)
rCorr   .          Rampage  .   (gloves unavailable)
Will    .....                   (boots unavailable)
Stlth   +.........              h - amulet of regeneration
HPRegen 2.64/turn               k - +4 ring of protection
MPRegen 0.11/turn               d - ring "Suobb" {Contam rElec rC+ Str-5 SInv}

@: about to teleport, fiery-armoured
A: large, unfitting armour, claws 3, regeneration 1, shaggy fur 1, tough skin 1
a: Renounce Religion, Fiery Armour, Foxfire Swarm, Rising Flame


You were on level 9 of the Dungeon.
You worshipped Ignis.
Ignis was most pleased with you.
You visited 1 branch of the dungeon, and saw 9 of its levels.
You also visited: Sewer.

You collected 511 gold pieces.
You spent 70 gold pieces at shops.


Innate Abilities, Weirdness & Mutations

You are too large for most types of armour.
You have claws for hands.
Your natural rate of healing is unusually fast.
You are covered in fur. (AC +1)
You have tough skin. (AC +1)


   Skills:
 - Level 5.0 Fighting
 - Level 2.2 Throwing
 - Level 1.3 Armour
 - Level 1.3 Dodging
 + Level 12.8 Unarmed Combat
 - Level 1.0 Spellcasting
 - Level 2.1 Fire Magic


You had 10 spell levels left.
You didn't know any spells.
Your spell library contained the following spells:

 Spells                   Type           Power      Damage    Failure   Level
 Scorch                   Fire           8%         2d5       24%         2

Inventory:

Armour
 f - a +0 troll leather armour (worn) {Pargi}
Jewellery
 d - the ring "Suobb" (right claw) {Contam rElec rC+ Str-5 SInv}
   (You acquired it on level 3 of the Dungeon)

   [ring of protection from cold]

   Str:       It affects your strength (-5).
   rC:        It protects you from cold.
   rElec:     It insulates you from electricity.
   SInv:      It lets you see invisible.
   Contam:    It causes magical contamination when unequipped.
 h - an amulet of regeneration (around neck)
 i - a ring of ice
 j - a ring of see invisible
 k - a +4 ring of protection (left claw)
 m - a ring of resist corrosion
Scrolls
 a - a scroll of summoning {unknown}
 g - 2 scrolls of identify
 n - a scroll of fear {unknown}
 o - a scroll of enchant armour {unknown}
Potions
 b - 3 potions of curing
 c - 3 potions of heal wounds
 l - a potion of might

Dungeon Overview and Level Annotations

Branches:
Dungeon (9/15)             Temple (0/1) D:7           Sewer (visited)
   Lair: D:8-11         Orc: D:9-12

Altars:
Hepliaklqana
Trog

Shops:
D:2 !

Portals:
Abyss: D:5

Annotations:
D:5 2 transporters, qw's ghost, novice FoCA
D:7 1 runed translucent door, Crazy Yiuf


Message History

Found a scroll of vulnerability.
You see here a scroll of vulnerability.
A smoke demon comes into view.
A ynoxinul comes into view.
The ynoxinul bellows!
A sun demon comes into view.
The sun demon shouts!
You mangle the smoke demon!!
The smoke demon is heavily wounded.
The smoke demon hits you.
The smoke demon hits you but does no damage.
The smoke demon closely misses you.
You claw the smoke demon!
The smoke demon is severely wounded.
The smoke demon hits you.
The smoke demon hits you but does no damage.
The smoke demon barely misses you.
You claw the smoke demon! You claw the smoke demon.
You kill the smoke demon!
The ynoxinul barely misses you.
A chaos spawn comes into view.
The chaos spawn buzzes angrily.
You scratch the sun demon.
The sun demon is lightly wounded.
The ynoxinul hits you. The sun demon hits you.
You are engulfed in flames.
You resist.
You barely miss the sun demon.
The sun demon is lightly wounded.
The sun demon hits you!!
You are engulfed in flames.
You resist. The ynoxinul gestures at you. The iron shot hits you!!
6350 ||| INVOKING Fiery Armour.
A protective cloak of flame settles atop you.
The sun demon hits you!
You are engulfed in flames!
You resist. The ynoxinul barely misses you.
6351 ||| READING scroll of teleportation.
As you read the scroll of teleportation, it crumbles to dust.
You feel strangely unstable. The sun demon hits you.
You are engulfed in flames!
You resist.
You die...

#.# #.# #.#
#.#
#.###.####
#......?.#
...>.##.##.#
####
#.##.#######
#...........
#.##.#######
...##@#
#.....33#
.....##..
#### #.#.
#.#.# #.# .
..# ## ...


You could see a sun demon and a ynoxinul.

Vanquished Creatures
  A smoke demon (D:9)
  A hornet (D:7)
  A wyvern (D:6)
  A steam dragon (D:8)
  Pargi (Sewer)
  An ice beast (D:5)
  An orc warrior (D:6)
  3 sky beasts
  2 black bears
  An ogre (D:5)
  2 centaurs
  2 kobold brigands
  2 bullfrogs (D:8)
  A scorpion (D:4)
  A necrophage (D:6)
  10 killer bees
  3 howler monkeys
  5 hounds
  A jelly (D:7)
  A gnoll bouda (D:8)
  4 orc priests
  3 iguanas
  Natasha (thrice) (D:2)
  3 orc wizards
  Terence (D:3)
  Robin (D:3)
  7 gnolls
  6 adders
  An ufetubus (D:6)
  A worm (D:2)
  A dart slug (D:1)
  26 orcs
  9 ball pythons
  6 endoplasms
  10 giant cockroaches
  14 goblins
  16 hobgoblins
  19 kobolds
  4 quokkas
  9 bats
  3 frilled lizards
  4 rats (D:1)
192 creatures vanquished.

Vanquished Creatures (others)
  2 demonic plants (D:9)
2 creatures vanquished.

Grand Total: 194 creatures vanquished

Notes
Turn   | Place    | Note
-------+----------+-------------------------------------------
     0 | D:1      | qw the Troll Cinder Acolyte began the quest for the Orb.
     0 | D:1      | Reached XP level 1. HP: 22/22 MP: 1/1
     0 | D:1      | 0 ||| qw: Version: 0.1-a-102-g441f92d
     0 | D:1      | 0 ||| qw: Game counter: 5227
     0 | D:1      | 0 ||| qw: Always use a shield: true
     0 | D:1      | 0 ||| qw: God list: Okawaru
     0 | D:1      | 0 ||| qw: Allow faded altars: false
     0 | D:1      | 0 ||| qw: Do Orc after D:15 true
     0 | D:1      | 0 ||| qw: Do second Lair branch before Depths: true
     0 | D:1      | 0 ||| qw: Lair rune preference: random
     0 | D:1      | 0 ||| qw: Plans: Normal
     0 | D:1      | 0 ||| PLANNING D:1-11
   168 | D:1      | 168 ||| Stepping ~*~*~tactically~*~*~ (stealth).
   169 | D:1      | 169 ||| Stepping ~*~*~tactically~*~*~ (stealth).
   170 | D:1      | 170 ||| Stepping ~*~*~tactically~*~*~ (stealth).
   175 | D:1      | Reached XP level 2. HP: 29/29 MP: 2/2
   254 | D:1      | 254 ||| Stepping ~*~*~tactically~*~*~ (stealth).
   258 | D:1      | 258 ||| INVOKING Fiery Armour.
   261 | D:1      | Reached skill level 4 in Unarmed Combat
   323 | D:1      | Reached XP level 3. HP: 36/36 MP: 3/3
   606 | D:1      | 606 ||| UPGRADING to amulet of regeneration.
   611 | D:1      | 611 ||| DROPPING ring of wizardry.
   612 | D:1      | 612 ||| UPGRADING to ring of resist corrosion.
   613 | D:1      | 613 ||| READING 2 scrolls labelled CEOLOCL CEESCH.
   614 | D:1      | 614 ||| READING scroll labelled XYH ROMERO.
   617 | D:1      | 617 ||| DRINKING 3 emerald potions.
   686 | D:2      | Noticed Natasha
   698 | D:2      | 698 ||| INVOKING Fiery Armour.
   702 | D:2      | Killed Natasha
   703 | D:2      | Reached skill level 5 in Unarmed Combat
   703 | D:2      | Reached XP level 4. HP: 42/44 MP: 4/4
   723 | D:2      | Noticed Natasha
   724 | D:2      | 724 ||| Stepping ~*~*~tactically~*~*~ (stealth).
   726 | D:2      | 726 ||| Stepping ~*~*~tactically~*~*~ (hiding).
   733 | D:2      | Killed Natasha
   808 | D:2      | Noticed Natasha
   825 | D:2      | Killed Natasha
   983 | D:2      | Found Qyheasye's Distillery.
   992 | D:2      | 992 ||| SHOPLISTING 2 potions of might (112 gold, have 89).
   992 | D:2      | 992 ||| BUYING potion of heal wounds (70 gold).
   992 | D:2      | Bought a potion of heal wounds for 70 gold pieces
   992 | D:2      | 992 ||| SHOPLISTING potion of might (56 gold, have 19).
  1007 | D:2      | 1007 ||| Stepping ~*~*~tactically~*~*~ (stealth).
  1029 | D:2      | Found a faded altar of an unknown god.
  1168 | D:2      | Reached XP level 5. HP: 45/50 MP: 5/5
  1384 | D:2      | 1384 ||| DROPPING ring of magical power.
  1385 | D:2      | 1385 ||| READING scroll labelled ZIOTTI IZI BIPP.
  1386 | D:2      | 1386 ||| READING 2 scrolls labelled JYUBLA SUSOAX.
  1387 | D:2      | 1387 ||| READING scroll labelled JYOLAF JANULOU.
  1388 | D:2      | 1388 ||| DRINKING 2 smoky red potions.
  1389 | D:2      | 1389 ||| READING 4 scrolls of identify.
  1389 | D:2      | 1389 ||| IDENTIFYING sedimented sapphire potion
  1390 | D:2      | 1390 ||| READING 3 scrolls of identify.
  1390 | D:2      | 1390 ||| IDENTIFYING dark potion
  1391 | D:2      | 1391 ||| DROPPING potion of flight.
  1392 | D:2      | 1392 ||| DROPPING potion of attraction.
  1393 | D:2      | 1393 ||| DROPPING potion of invisibility.
  1394 | D:2      | 1394 ||| DROPPING scroll of vulnerability.
  1395 | D:2      | 1395 ||| READING scroll of teleportation.
  1417 | D:3      | 1417 ||| Stepping ~*~*~tactically~*~*~ (stealth).
  1420 | D:3      | 1420 ||| Stepping ~*~*~tactically~*~*~ (stealth).
  1422 | D:3      | 1422 ||| Stepping ~*~*~tactically~*~*~ (stealth).
  1576 | D:3      | 1576 ||| Stepping ~*~*~tactically~*~*~ (stealth).
  1582 | D:3      | 1582 ||| Stepping ~*~*~tactically~*~*~ (outnumbered).
  1583 | D:3      | 1583 ||| Stepping ~*~*~tactically~*~*~ (outnumbered).
  1584 | D:3      | 1584 ||| Stepping ~*~*~tactically~*~*~ (outnumbered).
  1585 | D:3      | 1585 ||| Stepping ~*~*~tactically~*~*~ (outnumbered).
  1586 | D:3      | 1586 ||| Stepping ~*~*~tactically~*~*~ (outnumbered).
  1587 | D:3      | 1587 ||| Stepping ~*~*~tactically~*~*~ (outnumbered).
  1658 | D:3      | 1658 ||| Stepping ~*~*~tactically~*~*~ (stealth).
  1666 | D:3      | Reached skill level 6 in Unarmed Combat
  1675 | D:3      | 1675 ||| Stepping ~*~*~tactically~*~*~ (stealth).
  1677 | D:3      | Noticed Robin
  1678 | D:3      | 1678 ||| INVOKING Fiery Armour.
  1682 | D:3      | 1682 ||| Stepping ~*~*~tactically~*~*~ (outnumbered).
  1683 | D:3      | 1683 ||| Stepping ~*~*~tactically~*~*~ (hiding).
  1684 | D:3      | 1684 ||| Stepping ~*~*~tactically~*~*~ (hiding).
  1691 | D:3      | 1691 ||| Stepping ~*~*~tactically~*~*~ (hiding).
  1696 | D:3      | 1696 ||| Stepping ~*~*~tactically~*~*~ (outnumbered).
  1698 | D:3      | Killed Robin
  1886 | D:3      | Noticed Terence
  1891 | D:3      | Killed Terence
  1915 | D:3      | 1915 ||| Stepping ~*~*~tactically~*~*~ (stealth).
  1917 | D:3      | 1917 ||| Stepping ~*~*~tactically~*~*~ (stealth).
  1922 | D:3      | 1922 ||| Stepping ~*~*~tactically~*~*~ (outnumbered).
  2146 | D:3      | 2146 ||| UPGRADING to ring of see invisible.
  2147 | D:3      | 2147 ||| READING scroll labelled MATSI ARESM.
  2147 | D:3      | Identified a scroll of acquirement
  2147 | D:3      | 2147 ||| ACQUIRING ring "Suobb" {Contam rElec rC+ Str-5
                  | SInv}
  2147 | D:3      | Acquired the ring "Suobb" {Contam rElec rC+ Str-5 SInv}
  2149 | D:3      | 2149 ||| UPGRADING to ring "Suobb" {Contam rElec rC+ Str-5
                  | SInv}.
  2151 | D:3      | 2151 ||| READING scroll labelled HECHOWABAS.
  2152 | D:3      | 2152 ||| READING 2 scrolls of identify.
  2152 | D:3      | 2152 ||| IDENTIFYING sedimented green potion
  2153 | D:3      | 2153 ||| DROPPING potion of berserk rage.
  2172 | D:4      | 2172 ||| Stepping ~*~*~tactically~*~*~ (stealth).
  2174 | D:4      | 2174 ||| Stepping ~*~*~tactically~*~*~ (stealth).
  2240 | D:4      | 2240 ||| FLEEEEING.
  2331 | D:4      | Reached skill level 7 in Unarmed Combat
  2331 | D:4      | Reached XP level 6. HP: 52/59 MP: 6/6
  2751 | D:4      | 2751 ||| UPGRADING to +4 ring of protection.
  2777 | D:5      | Entered Level 5 of the Dungeon
  2778 | D:5      | 2778 ||| PLANNING SEWER
  2864 | D:5      | Noticed an ice beast
  2865 | D:5      | 2865 ||| Stepping ~*~*~tactically~*~*~ (stealth).
  2866 | D:5      | 2866 ||| Stepping ~*~*~tactically~*~*~ (stealth).
  2899 | D:5      | 2899 ||| Stepping ~*~*~tactically~*~*~ (stealth).
  2916 | D:5      | 2916 ||| Stepping ~*~*~tactically~*~*~ (stealth).
  2964 | D:5      | Reached skill level 8 in Unarmed Combat
  2964 | D:5      | Reached XP level 7. HP: 66/66 MP: 7/7
  2966 | D:5      | Found a glowing drain.
  2967 | D:5      | 2967 ||| READING 2 scrolls labelled CEWKYO CAALEPI.
  3039 | D:5      | 3039 ||| Stepping ~*~*~tactically~*~*~ (stealth).
  3040 | D:5      | 3040 ||| READING 2 scrolls of identify.
  3040 | D:5      | 3040 ||| IDENTIFYING viscous green potion
  3041 | D:5      | 3041 ||| Stepping ~*~*~tactically~*~*~ (stealth).
  3042 | D:5      | 3042 ||| DROPPING scroll of silence.
  3058 | Sewer    | Entered a sewer
  3096 | Sewer    | Noticed Pargi
  3108 | Sewer    | Killed Pargi
  3109 | Sewer    | Reached skill level 3 in Fighting
  3135 | Sewer    | 3135 ||| UPGRADING to +0 troll leather armour {Pargi}.
  3145 | Sewer    | 3145 ||| DROPPING +0 robe.
  3166 | D:5      | 3166 ||| PLANNING D:1-11
  3182 | D:5      | Found a one-way gate to the infinite horrors of the Abyss.
  3182 | D:5      | Noticed qw's ghost (novice FoCA)
  3202 | D:5      | Found a transporter.
  3262 | D:5      | Found a transporter.
  3369 | D:5      | 3369 ||| Stepping ~*~*~tactically~*~*~ (hiding).
  3370 | D:5      | 3370 ||| Stepping ~*~*~tactically~*~*~ (hiding).
  3580 | D:5      | Reached skill level 9 in Unarmed Combat
  3633 | D:5      | 3633 ||| READING scroll labelled DERUSTUOFOE.
  3634 | D:5      | 3634 ||| READING scroll labelled BUUPET JAU.
  3742 | D:6      | 3742 ||| Stepping ~*~*~tactically~*~*~ (stealth).
  3744 | D:6      | 3744 ||| Stepping ~*~*~tactically~*~*~ (hiding).
  3751 | D:6      | 3751 ||| INVOKING Fiery Armour.
  3755 | D:6      | Reached XP level 8. HP: 72/75 MP: 8/8
  3891 | D:6      | 3891 ||| Stepping ~*~*~tactically~*~*~ (hiding).
  3892 | D:6      | 3892 ||| Stepping ~*~*~tactically~*~*~ (hiding).
  3895 | D:6      | 3895 ||| Stepping ~*~*~tactically~*~*~ (hiding).
  3896 | D:6      | 3896 ||| Stepping ~*~*~tactically~*~*~ (hiding).
  3903 | D:6      | 3903 ||| Stepping ~*~*~tactically~*~*~ (stealth).
  3906 | D:6      | 3906 ||| Stepping ~*~*~tactically~*~*~ (stealth).
  3911 | D:6      | Reached skill level 10 in Unarmed Combat
  3913 | D:6      | 3913 ||| Stepping ~*~*~tactically~*~*~ (outnumbered).
  3914 | D:6      | 3914 ||| Stepping ~*~*~tactically~*~*~ (outnumbered).
  3917 | D:6      | 3917 ||| Stepping ~*~*~tactically~*~*~ (outnumbered).
  3921 | D:6      | 3921 ||| Stepping ~*~*~tactically~*~*~ (outnumbered).
  3922 | D:6      | 3922 ||| Stepping ~*~*~tactically~*~*~ (outnumbered).
  3923 | D:6      | 3923 ||| Stepping ~*~*~tactically~*~*~ (outnumbered).
  3925 | D:6      | 3925 ||| Stepping ~*~*~tactically~*~*~ (outnumbered).
  3933 | D:6      | Reached skill level 1 in Dodging
  4025 | D:6      | 4025 ||| Stepping ~*~*~tactically~*~*~ (stealth).
  4029 | D:6      | 4029 ||| Stepping ~*~*~tactically~*~*~ (stealth).
  4133 | D:6      | Reached skill level 1 in Armour
  4262 | D:6      | 4262 ||| READING 2 scrolls of identify.
  4262 | D:6      | 4262 ||| IDENTIFYING fuming amethyst potion
  4263 | D:6      | 4263 ||| DROPPING potion of lignification.
  4287 | D:7      | 4287 ||| INVOKING Fiery Armour.
  4320 | D:7      | Found a hazy altar of Hepliaklqana.
  4352 | D:7      | Noticed a hornet
  4353 | D:7      | 4353 ||| Stepping ~*~*~tactically~*~*~ (stealth).
  4356 | D:7      | 4356 ||| Stepping ~*~*~tactically~*~*~ (stealth).
  4363 | D:7      | 4363 ||| Stepping ~*~*~tactically~*~*~ (outnumbered).
  4366 | D:7      | 4366 ||| Stepping ~*~*~tactically~*~*~ (outnumbered).
  4367 | D:7      | 4367 ||| Stepping ~*~*~tactically~*~*~ (outnumbered).
  4368 | D:7      | 4368 ||| Stepping ~*~*~tactically~*~*~ (outnumbered).
  4369 | D:7      | 4369 ||| Stepping ~*~*~tactically~*~*~ (outnumbered).
  4370 | D:7      | 4370 ||| Stepping ~*~*~tactically~*~*~ (outnumbered).
  4371 | D:7      | 4371 ||| Stepping ~*~*~tactically~*~*~ (outnumbered).
  4372 | D:7      | 4372 ||| Stepping ~*~*~tactically~*~*~ (outnumbered).
  4373 | D:7      | 4373 ||| Stepping ~*~*~tactically~*~*~ (outnumbered).
  4374 | D:7      | HP: 14/78 [hornet (9)]
  4374 | D:7      | Paralysed by a hornet for 1 turns
  4375 | D:7      | 4375 ||| READING 2 scrolls of teleportation.
  4376 | D:7      | 4376 ||| DRINKING 4 potions of heal wounds.
  4377 | D:7      | Killed a hornet
  4377 | D:7      | Found a staircase to the Ecumenical Temple.
  4410 | D:7      | Reached XP level 9. HP: 84/84 MP: 9/9
  4559 | D:7      | Reached skill level 11 in Unarmed Combat
  4898 | D:7      | Found a runed translucent door.
  4899 | D:7      | Noticed Crazy Yiuf
  5022 | D:7      | 5022 ||| READING scroll of teleportation.
  5162 | D:8      | 5162 ||| Stepping ~*~*~tactically~*~*~ (stealth).
  5169 | D:8      | 5169 ||| Stepping ~*~*~tactically~*~*~ (stealth).
  5368 | D:8      | 5368 ||| Stepping ~*~*~tactically~*~*~ (outnumbered).
  5503 | D:8      | Reached skill level 12 in Unarmed Combat
  6084 | D:8      | 6084 ||| READING scroll labelled CUBBAUS POECS.
  6164 | D:9      | Found a bloodstained altar of Trog.
  6184 | D:9      | 6184 ||| Stepping ~*~*~tactically~*~*~ (stealth).
  6188 | D:9      | 6188 ||| Stepping ~*~*~tactically~*~*~ (outnumbered).
  6205 | D:9      | 6205 ||| INVOKING Fiery Armour.
  6340 | D:9      | Noticed a smoke demon
  6343 | D:9      | Noticed a sun demon
  6346 | D:9      | Killed a smoke demon
  6350 | D:9      | 6350 ||| INVOKING Fiery Armour.
  6350 | D:9      | HP: 16/88 [sun demon (10)]
  6350 | D:9      | HP: 7/88 [sun demon (9)]
  6351 | D:9      | 6351 ||| READING scroll of teleportation.
  6351 | D:9      | Slain by a sun demon

Levels and vault maps discovered:
D:1:      minmay_arrival_four_houses, layout_basic, chequers_serial_rivers_marsh
D:2:      layout_rooms, serial_corexii_hall, chequers_hall_statues_corner_a,
          corexii_hall_statues_l, corexii_hall_statues_l,
          corexii_hall_statues_i, corexii_hall_statues_u,
          corexii_hall_statues_l, ebering_ecumenical_altar_box, serial_shops,
          nicolae_lakefront_shop, kennysheep_doodads, uniq_natasha
D:3:      layout_basic, minmay_close_crescents, uniq_terence, uniq_robin
D:4:      layout_loops_ring
D:5:      layout_loops_ring, cheibrodos_sewer_entry_drain,
          gammafunk_ghost_abyssal_escape, minmay_crystal_room
D:6:      layout_rooms, roderic_lattice_a, minmay_misc_feat_plants,
          chequers_serial_rivers_marsh
D:7:      layout_loops_ring, mainiacjoe_overflow_paths,
          minmay_temple_entry_enclosed_plants, uniq_crazy_yiuf_cottage
D:8:      layout_basic
D:9:      layout_loops_ring, mainiacjoe_overflow_small_starburst,
          serial_demonic, serial_demonic_a, serial_demonic_b, serial_demonic_d,
          serial_demonic_b, introduction_to_nature_2

Skill      XL: |  1  2  3  4  5  6  7  8  9 |
---------------+----------------------------+-----
Unarmed Combat | 4 5 7 8 9 10 12 | 12.8
Fighting       | 3 4 5 |  5.0
Throwing       | 2 |  2.2
Dodging        | 1 |  1.3
Armour         | 1 |  1.3
Spellcasting   | |  1.0
Fire Magic     | |  2.1

Action                   |  1- 3 |  4- 6 |  7- 9 || total
-------------------------+-------+-------+-------++-------
Melee: Unarmed           |    85 |   203 |   232 ||   520
       Punch             |       |     3 |     8 ||    11
Throw: Boomerang         |    23 |    23 |    25 ||    71
Invok: Fiery Armour      |     2 |     1 |     4 ||     7
  Use: Scroll            |     2 |     9 |     9 ||    20
       Potion            |     1 |     1 |     1 ||     3
Armor: Robe              |    34 |    66 |    18 ||   118
       Troll leather arm |       |       |   116 ||   116
Dodge: Dodged            |    34 |    66 |   147 ||   247

Table legend:
 A = Non-vault XP
 B = Vault XP
 C = Vault XP percentage of total XP
 D = Non-vault monster count
 E = Vault monster count
 F = Vault count percentage of total count
                 A         B        C        D         E       F
            +---------+---------+-------+---------+---------+-------
      Total |    4405 |     735 |  14.3 |     167 |      25 |  13.0
            +---------+---------+-------+---------+---------+-------
        D:1 |      58 |       0 |   0.0 |      34 |       0 |   0.0
        D:2 |     108 |      35 |  24.5 |      15 |       1 |   6.2
        D:3 |      40 |      75 |  65.2 |      19 |      17 |  47.2
        D:4 |     276 |       0 |   0.0 |      19 |       0 |   0.0
        D:5 |     606 |       4 |   0.7 |      15 |       2 |  11.8
        D:6 |     842 |       0 |   0.0 |      21 |       0 |   0.0
        D:7 |    1042 |       0 |   0.0 |      20 |       0 |   0.0
        D:8 |    1005 |       0 |   0.0 |      17 |       0 |   0.0
        D:9 |     428 |     477 |  52.7 |       7 |       1 |  12.5
      Sewer |       0 |     144 | 100.0 |       0 |       4 | 100.0
            +---------+---------+-------+---------+---------+-------
